 Dungeon Crawl Stone Soup version 0.23.0 (webtiles) character file.

Game seed: 11312087374785562960

5596 LostNumber the Grappler (level 10, -2/100 HPs)
             Began as a Troll Ice Elementalist on Feb 14, 2019.
             Killed by divine providence
             ... invoked by an orc priest
              (12 damage)
             ... on level 8 of the Dungeon.
             The game lasted 00:13:37 (7113 turns).

LostNumber the Grappler (Troll Ice Elementalist)    Turns: 7113, Time: 00:13:38

Health: -2/100     AC:  6    Str: 21    XL:     10   Next: 45%
Magic:  10/10      EV: 10    Int: 11    God:
Gold:   443        SH:  0    Dex: 10    Spells: 10/11 levels left

rFire    . . .     SeeInvis .     - Unarmed
rCold    . . .     Gourm    +   (no shield)
rNeg     . . .     Faith    .   a - +0 robe
rPois    +         Spirit   .   (helmet restricted)
rElec    .         Reflect  .   (no cloak)
rCorr    .         Harm     .   (gloves unavailable)
MR       .....                  (boots unavailable)
Stlth    +.........             (no amulet)
HPRegen  0.66/turn              h - ring of poison resistance
MPRegen  0.12/turn              (no ring)

@: no status effects
A: large, unfitting armour, claws 3, fast metabolism 3, gourmand, regeneration
1, shaggy fur 1, tough skin 3
a: no special abilities


You were on level 8 of the Dungeon.
You were completely stuffed.

You visited 2 branches of the dungeon, and saw 10 of its levels.
You also visited: Sewer.

You collected 443 gold pieces.

Inventory:

Hand Weapons
 l - a +2 vampiric whip {!w}
   (You took it off a kobold in a sewer)
Armour
 a - a +0 robe (worn)
Jewellery
 h - a ring of poison resistance (left claw)
   (You found it on level 1 of the Dungeon)
 y - an uncursed ring of ice
   (You found it on level 1 of the Dungeon)
Wands
 c - a wand of disintegration (11)
   (You found it on level 7 of the Dungeon)
Scrolls
 b - 12 scrolls of identify {unknown}
 d - 6 scrolls of teleportation {unknown}
 f - 2 scrolls of fear {unknown}
 k - a scroll of immolation {unknown}
 m - 3 scrolls of remove curse {unknown}
 n - 3 scrolls of fog {unknown}
 o - 4 scrolls of blinking {unknown}
 p - a scroll of magic mapping {unknown}
 s - a scroll of noise {unknown}
 w - a scroll of vulnerability {unknown}
Potions
 g - a potion of brilliance {unknown}
 i - 5 potions of heal wounds {unknown}
 j - a potion of might
 q - a potion of degeneration {unknown}
 r - a potion of ambrosia {unknown}
 u - 6 potions of curing {unknown}
 v - a potion of resistance {unknown}
 x - a potion of haste {unknown}
Comestibles
 e - 10 rations {!d}
 t - 9 chunks of flesh


   Skills:
 + Level 6.7 Fighting
 - Level 6.0 Maces & Flails
 - Level 1.5 Dodging
 - Level 1.0 Stealth
 * Level 11.4 Unarmed Combat
 - Level 1.2 Spellcasting
   Level 0.6 Conjurations
 - Level 2.1 Ice Magic


You had 10 spell levels left.
You knew the following spells:

 Your Spells              Type           Power        Failure   Level  Hunger
a - Freeze                Ice            #...         13%         1    ##.....

Your spell library contained the following spells:

 Spells                   Type           Power        Failure   Level  Hunger
 Magic Dart               Conj           #...         26%         1    ##.....
 Throw Frost              Conj/Ice       #.....       26%         2    ###....
 Beastly Appendage        Tmut           #.....       32%         1    ##.....
 Blink                    Tloc           N/A          43%         2    ###....
 Call Imp                 Summ           #.......     43%         2    ###....
 Slow                     Hex            #.......     43%         2    ###....
 Sticks to Snakes         Tmut           #.......     43%         2    ###....
 Ozocubu's Armour         Chrm/Ice       #.......     52%         3    ####...
 Conjure Flame            Conj/Fire      #.......     63%         3    ####...
 Mephitic Cloud           Conj/Pois/Air  #.......     65%         3    ####...
 Spider Form              Tmut/Pois      #.........   67%         3    ####...
 Throw Icicle             Conj/Ice       #.......     87%         4    #####..
 Ice Form                 Ice/Tmut       #.......     90%         4    #####..
 Summon Ice Beast         Ice/Summ       #.......     90%         4    #####..
 Blade Hands              Tmut           #.........   100%        5    ######.


Dungeon Overview and Level Annotations

Branches:
Dungeon (9/15)             Temple (1/1) D:7
   Lair: D:8-11         Orc: D:9-12

Altars:
Ashenzari
Cheibriados
Dithmenos
Elyvilon
Fedhas
Gozag
Hepliaklqana
Kikubaaqudgha
Makhleb
Nemelex Xobeh
Okawaru
Qazlal
Ru
Sif Muna
Trog
Uskayaw
Vehumet
Wu Jian
Xom
Yredelemnul
Zin
The Shining One


Innate Abilities, Weirdness & Mutations

You are too large for most types of armour.
You have claws for hands.
Your metabolism is lightning-fast.
You like to eat raw meat.
Your natural rate of healing is unusually fast.
You are covered in fur. (AC +1)
You have extremely tough skin. (AC +3)


Message History

You claw the sky beast! Your claw misses the sky beast.
The sky beast hits you but does no damage.
You claw the sky beast!
You kill the sky beast!
No target in view!
No target in view!
No target in view!
No target in view!
Unknown command.
You enter the shallow water.
Moving in this stuff is going to be slow.
Eating one of 13 chunks of flesh.
You eat one of the 13 chunks of flesh.
This raw flesh tastes great.
There is an open door here.
There is an open door here.
Some of the chunks of flesh in your inventory have rotted away.
An electric eel comes into view.
An electric eel is nearby!
An electric eel is nearby!
The electric eel shoots out a bolt of lightning at you!
The bolt of electricity hits you!
The electric eel shoots out a bolt of lightning at you!
The bolt of electricity hits you!
The electric eel shoots out a bolt of lightning at you!
The bolt of electricity misses you.
An orc priest and an orc wizard come into view.
The orc wizard shouts!
The orc priest shouts!
A centaur comes into view.
The orc priest calls down the wrath of Beogh upon you.
Beogh smites you!
An orc comes into view. It is wielding a +0 flail.
The orc shouts!
The electric eel shoots out a bolt of lightning at you!
The bolt of electricity hits you!
The orc wizard points at you and mumbles some strange words.
The puff of flame hits you.
* * * LOW HITPOINT WARNING * * *
The centaur shouts!
The centaur wields a +0 shortbow.
The centaur shoots an arrow.
The arrow hits you!
* * * LOW HITPOINT WARNING * * *
You see here an arrow.
The electric eel shoots out a bolt of lightning at you!
The bolt of electricity hits you!
* * * LOW HITPOINT WARNING * * *
The centaur shoots an arrow.
The arrow hits you!
* * * LOW HITPOINT WARNING * * *
The orc priest invokes the aid of Beogh against you.
Beogh smites you!
You die...

≈♣...≈≈ ♣≈ ♣≈≈≈≈≈≈≈≈≈≈
≈...≈≈≈ .♣..♣≈≈≈≈≈≈≈≈≈≈
≈≈≈.... ....≈≈≈≈≈≈≈≈≈≈≈≈
≈≈≈.≈..
...≈≈≈≈≈≈≈≈≈≈≈≈≈≈≈≈...
..♣≈≈≈≈≈≈≈≈≈≈≈≈≈≈≈≈♣.
#..≈≈≈≈≈≈≈≈≈≈≈≈≈≈≈≈.
#..;≈≈≈≈≈≈..≈≈≈≈≈≈≈.
#..@≈≈≈≈≈≈...≈≈≈≈≈≈.
#..(≈≈≈≈≈≈....≈≈≈≈≈≈
#+##....≈≈≈≈≈...†.≈≈≈≈≈
..o.....≈≈≈≈......≈≈≈≈≈
...o....................
........................
...o.....≈≈≈≈.......≈≈≈≈
...c.....≈≈≈≈........≈≈≈
.........≈≈≈≈........≈≈≈


You could see a centaur, an electric eel, an orc priest, an orc wizard and an
orc.

Vanquished Creatures
  Pikel (D:6)
  Grinder (D:4)
  2 hippogriffs
  A yak (D:8)
  Eustachio (D:4)
  A wyvern (D:8)
  Sigmund (D:3)
  2 hogs
  2 water moccasins
  3 black bears (D:8)
  2 sky beasts
  3 orc warriors
  5 ogres
  3 centaurs
  Blork the orc (D:6)
  2 big kobolds
  8 bullfrogs
  A gnoll sergeant (D:8)
  A scorpion (D:6)
  3 wights (D:8)
  3 electric eels (D:8)
  A howler monkey (D:4)
  3 crimson imps
  A jelly (D:7)
  7 orc wizards
  A gnoll shaman (D:6)
  2 orc priests
  4 hounds
  An iguana (D:7)
  2 worker ants
  A worker ant zombie (D:5)
  Robin (D:4)
  8 gnolls
  A howler monkey skeleton (D:7)
  17 adders
  2 river rats (Sewer)
  3 shadow imps (D:5)
  10 oozes
  2 adder skeletons
  An adder zombie (D:5)
  5 worms
  5 dart slugs
  2 leopard geckos (D:1)
  16 orcs
  7 ball pythons
  10 giant cockroaches
  9 hobgoblins
  6 jackals (D:4)
  17 kobolds
  4 quokkas
  13 bats
  2 frilled lizards (D:1)
  14 goblins
  A jackal zombie (D:7)
  16 rats
  A plant (D:8)
243 creatures vanquished.

Vanquished Creatures (others)
  A plant (D:8)
1 creature vanquished.

Grand Total: 244 creatures vanquished

Notes
Turn   | Place    | Note
-------+----------+-------------------------------------------
     0 | D:1      | LostNumber the Troll Ice Elementalist began the quest for
                  | the Orb.
     0 | D:1      | Reached XP level 1. HP: 16/16 MP: 1/1
    46 | D:1      | Reached skill level 1 in Unarmed Combat
    61 | D:1      | Reached XP level 2. HP: 26/26 MP: 2/2
   178 | D:1      | Reached skill level 1 in Fighting
   180 | D:1      | Reached skill level 2 in Unarmed Combat
   251 | D:1      | Reached XP level 3. HP: 31/33 MP: 3/3
   936 | D:2      | Noticed an ogre
  1000 | D:2      | Killed an ogre
  1000 | D:2      | Reached skill level 3 in Unarmed Combat
  1000 | D:2      | Reached XP level 4. HP: 21/42 MP: 4/4
  1101 | D:2      | Reached XP level 5. HP: 49/49 MP: 5/5
  1367 | D:2      | Reached skill level 4 in Unarmed Combat
  2416 | D:4      | Reached XP level 6. HP: 46/59 MP: 6/6
  2435 | D:4      | Noticed Sigmund
  2439 | D:4      | Found a glowing drain.
  2453 | D:4      | Noticed Grinder
  2457 | Sewer    | Entered a sewer
  2625 | Sewer    | Reached skill level 5 in Unarmed Combat
  2980 | D:3      | Killed Sigmund
  2980 | D:3      | Reached skill level 1 in Maces & Flails
  2980 | D:3      | Reached skill level 6 in Unarmed Combat
  2980 | D:3      | Reached XP level 7. HP: 63/67 MP: 7/7
  3271 | D:4      | Noticed Robin
  3301 | D:4      | Reached skill level 7 in Unarmed Combat
  3305 | D:4      | Killed Robin
  3466 | D:4      | Noticed Eustachio
  3478 | D:4      | Reached XP level 8. HP: 73/78 MP: 8/8
  3486 | D:4      | Killed Eustachio
  3552 | D:4      | Killed Grinder
  3588 | D:5      | Entered Level 5 of the Dungeon
  3616 | D:5      | Reached skill level 8 in Unarmed Combat
  4064 | D:5      | Found a glowing golden altar of the Shining One.
  4094 | D:5      | Reached skill level 5 in Fighting
  4094 | D:5      | Reached XP level 9. HP: 86/88 MP: 9/9
  4107 | D:5      | Found a deep blue altar of Sif Muna.
  4135 | D:5      | Found a glowing silver altar of Zin.
  4138 | D:5      | Found a snail-covered altar of Cheibriados.
  4141 | D:5      | Found an ornate altar of the Wu Jian Council.
  4389 | D:6      | Noticed Pikel
  4401 | D:6      | Killed Pikel
  4401 | D:6      | Reached skill level 9 in Unarmed Combat
  4496 | D:6      | Noticed Blork the orc
  4503 | D:6      | Killed Blork the orc
  5126 | D:7      | Reached skill level 5 in Maces & Flails
  5208 | D:6      | Reached skill level 10 in Unarmed Combat
  5499 | D:7      | Found a staircase to the Ecumenical Temple.
  5520 | Temple   | Entered the Ecumenical Temple
  6070 | D:8      | Noticed a two-headed ogre
  6273 | D:8      | Reached XP level 10. HP: 48/98 MP: 10/10
  6593 | D:8      | Paralysed by an orc warrior for 3 turns
  6611 | D:9      | Reached skill level 11 in Unarmed Combat
  7113 | D:8      | Killed from afar by an orc priest

Skill      XL: |  1  2  3  4  5  6  7  8  9 10 |
---------------+-------------------------------+-----
Unarmed Combat | 1 2 3 4 6 7 8 10 11 | 11.4
Fighting       | 1 2 3 5 6 |  6.7
Maces & Flails | 1 2 4 5 6 |  6.0
Dodging        | |  1.5
Stealth        | |  1.0
Spellcasting   | |  1.2
Conjurations   | |  0.6
Ice Magic      | |  2.1

Action                   |  1- 3 |  4- 6 |  7- 9 | 10-12 || total
-------------------------+-------+-------+-------+-------++-------
Melee: Unarmed           |   101 |   219 |   332 |    90 ||   742
       Punch             |     2 |     1 |    12 |     6 ||    21
Evoke: Wand              |       |       |     2 |       ||     2
 Stab: Sleeping          |     1 |     3 |     1 |       ||     5
  Eat: Chunk             |    14 |    19 |    30 |    10 ||    73
Armor: Robe              |    49 |    96 |    96 |    26 ||   267
Dodge: Dodged            |    35 |   124 |   170 |    40 ||   369
